General information
- name: BNet
- type: Ladder team game (AT/RT)
- host: Battle.net
- saver: FriendlyTyler
map: Highperch
- players: 6
- length: 54:18
- speed: Fast
- version: 1.26 W3XP
- replay type:

» download(370 KB)
Players
team 1 (winner)
BETUWISHUNOsrch (
green | 55 APM | 2963 actions | 54:17)
7 Blademaster
3 Wind Walk
3 Critical Strike
1 Bladestorm
» actions
| Assign group hotkey | 25 | |
| Basic commands | 22 | |
| Build / train | 82 | |
| ESC pressed | 3 | |
| Enter build submenu | 45 | |
| Enter hero's abilities submenu | 7 | |
| Give item / drop item | 3 | |
| Right click | 1686 | |
| Select / deselect | 390 | |
| Select group hotkey | 517 | |
| Use ability | 182 | |
2963 total
» units
| Peon | 11 | |
| Troll Batrider | 16 | |
| Shaman | 2 | |
| Troll Witch Doctor | 2 | |
| Spirit Walker | 2 | |
| Raider | 1 | |
| Kodo Beast | 1 | |
| Wind Rider | 6 | |
41 total
» upgrades
| Spiked Barricades | 1 | |
| Ranged Weapons | 3 | |
| Shaman Training | 2 | |
| Witch Doctor Training | 2 | |
| Spirit Walker Training | 3 | |
| Envenomed Spears | 1 | |
| Liquid Fire | 2 | |
| Ensnare | 1 | |
| War Drums Damage Increase | 1 | |
| Armor | 3 | |
| Reinforced Defenses | 1 | |
20 total
» buildings
| War Mill | 1 | |
| Altar of Storms | 1 | |
| Orc Burrow | 10 | |
| Watch Tower | 26 | |
| Voodoo Lounge | 2 | |
| Stronghold | 1 | |
| Fortress | 1 | |
| Beastiary | 2 | |
| Spirit Lodge | 1 | |
45 total
» build order
00:04 War Mill
00:09 Altar of Storms
00:26 Orc Burrow
01:42 Watch Tower
01:43 Watch Tower
02:21 Watch Tower
02:33 Watch Tower
02:48 Voodoo Lounge
03:12 Orc Burrow
03:30 Watch Tower
03:38 Voodoo Lounge
04:21 Watch Tower
04:29 Stronghold
04:36 Watch Tower
04:46 Watch Tower
06:19 Watch Tower
06:22 Watch Tower
06:22 Watch Tower
07:10 Fortress
07:12 Beastiary
07:23 Beastiary
08:09 Watch Tower
08:50 Watch Tower
08:50 Watch Tower
09:01 Watch Tower
09:01 Watch Tower
09:12 Watch Tower
10:43 Watch Tower
10:43 Watch Tower
10:47 Watch Tower
10:55 Orc Burrow
10:55 Orc Burrow
11:09 Spirit Lodge
12:07 Orc Burrow
17:12 Watch Tower
17:12 Watch Tower
17:20 Watch Tower
17:21 Watch Tower
18:29 Watch Tower
20:13 Watch Tower
22:56 Orc Burrow
22:56 Orc Burrow
22:57 Orc Burrow
22:59 Orc Burrow
29:43 Orc Burrow
» items
| Lesser Clarity Potion | 2 | |
| Healing Salve | 1 | |
| Orb of Lightning | 3 | |
| Potion of Invisibility | 1 | |
| Mechanical Critter | 2 | |
9 total
Birdeneering (
pink | 113 APM | 6117 actions | 54:17)
6 Archmage
3 Blizzard
2 Brilliance Aura
1 Mass Teleport
5 Blood Mage
3 Flame Strike
2 Siphon Mana
5 Mountain King
3 Storm Bolt
2 Bash
» actions
| Assign group hotkey | 421 | |
| Basic commands | 114 | |
| Build / train | 167 | |
| Enter build submenu | 88 | |
| Enter hero's abilities submenu | 17 | |
| Give item / drop item | 5 | |
| Right click | 2838 | |
| Select / deselect | 589 | |
| Select group hotkey | 1570 | |
| Use ability | 308 | |
6117 total
» units
| Peasant | 22 | |
| Dragonhawk Rider | 9 | |
| Sorceress | 1 | |
| Priest | 2 | |
34 total
» upgrades
| Masonry | 3 | |
| Lumber Harvesting | 2 | |
| Magic Sentry | 1 | |
| Sorceress Training | 2 | |
| Priest Training | 2 | |
| Cloud | 1 | |
| Swords | 3 | |
| Armor | 2 | |
| Animal War Training | 1 | |
17 total
» buildings
| Altar of Kings | 1 | |
| Lumber Mill | 2 | |
| Farm | 9 | |
| Scout Tower | 84 | |
| Arcane Tower | 24 | |
| Guard Tower | 48 | |
| Keep | 1 | |
| Arcane Vault | 3 | |
| Castle | 1 | |
| Arcane Sanctum | 1 | |
| Town Hall | 1 | |
| Gryphon Aviary | 1 | |
| Barracks | 1 | |
| Blacksmith | 1 | |
178 total
» build order
00:04 Altar of Kings
00:18 Lumber Mill
00:33 Farm
00:58 Farm
01:23 Farm
01:38 Scout Tower
01:55 Scout Tower
02:07 Arcane Tower
02:24 Guard Tower
02:25 Scout Tower
02:28 Scout Tower
02:40 Scout Tower
02:45 Scout Tower
03:05 Guard Tower
03:06 Scout Tower
03:44 Keep
03:45 Arcane Tower
03:46 Scout Tower
03:49 Scout Tower
03:50 Guard Tower
04:06 Guard Tower
04:08 Scout Tower
04:10 Scout Tower
04:13 Scout Tower
04:19 Arcane Tower
04:19 Arcane Tower
04:38 Guard Tower
04:46 Scout Tower
04:47 Scout Tower
04:49 Arcane Vault
04:56 Scout Tower
04:57 Guard Tower
05:24 Guard Tower
05:25 Guard Tower
05:27 Scout Tower
05:28 Scout Tower
05:30 Arcane Vault
06:22 Guard Tower
06:24 Scout Tower
06:30 Castle
07:09 Guard Tower
07:29 Guard Tower
07:32 Scout Tower
07:44 Scout Tower
08:18 Guard Tower
08:43 Scout Tower
08:44 Scout Tower
08:45 Scout Tower
09:32 Guard Tower
09:34 Guard Tower
09:38 Scout Tower
09:40 Guard Tower
10:07 Arcane Sanctum
10:12 Guard Tower
10:29 Scout Tower
10:30 Guard Tower
10:30 Guard Tower
10:33 Farm
11:25 Guard Tower
11:28 Scout Tower
11:28 Scout Tower
11:47 Arcane Vault
11:48 Scout Tower
12:12 Arcane Tower
12:33 Town Hall
12:49 Guard Tower
12:54 Guard Tower
12:56 Scout Tower
13:26 Guard Tower
13:28 Scout Tower
13:56 Guard Tower
13:57 Scout Tower
14:12 Scout Tower
14:12 Scout Tower
14:14 Scout Tower
14:15 Scout Tower
14:15 Scout Tower
14:23 Arcane Tower
14:23 Arcane Tower
14:25 Scout Tower
14:26 Scout Tower
15:02 Scout Tower
15:05 Arcane Tower
15:05 Arcane Tower
15:19 Arcane Tower
15:46 Guard Tower
16:08 Arcane Tower
26:32 Gryphon Aviary
26:35 Barracks
26:36 Blacksmith
26:38 Farm
26:39 Farm
26:40 Farm
26:40 Farm
29:12 Farm
33:27 Scout Tower
33:28 Scout Tower
33:29 Scout Tower
33:30 Scout Tower
33:36 Scout Tower
33:36 Scout Tower
33:40 Scout Tower
33:41 Scout Tower
33:42 Scout Tower
33:47 Lumber Mill
34:09 Guard Tower
34:22 Scout Tower
34:24 Scout Tower
34:47 Scout Tower
34:49 Scout Tower
34:57 Guard Tower
34:58 Guard Tower
34:59 Scout Tower
35:02 Scout Tower
35:17 Guard Tower
35:30 Guard Tower
35:44 Scout Tower
35:46 Scout Tower
35:48 Scout Tower
35:49 Scout Tower
36:04 Scout Tower
36:07 Scout Tower
36:09 Scout Tower
36:12 Scout Tower
36:13 Scout Tower
36:14 Guard Tower
36:18 Scout Tower
36:20 Scout Tower
36:21 Scout Tower
36:22 Scout Tower
36:24 Scout Tower
36:37 Guard Tower
36:48 Guard Tower
36:51 Scout Tower
36:56 Scout Tower
36:57 Scout Tower
36:57 Scout Tower
37:07 Arcane Tower
37:07 Arcane Tower
37:09 Guard Tower
37:15 Guard Tower
37:22 Arcane Tower
37:25 Guard Tower
38:23 Arcane Tower
38:23 Arcane Tower
38:25 Scout Tower
38:27 Scout Tower
38:28 Guard Tower
38:30 Scout Tower
38:36 Scout Tower
38:37 Scout Tower
38:38 Scout Tower
38:40 Guard Tower
38:42 Scout Tower
38:50 Scout Tower
39:27 Arcane Tower
39:27 Guard Tower
39:29 Guard Tower
39:38 Guard Tower
39:41 Guard Tower
39:41 Guard Tower
39:48 Scout Tower
39:56 Scout Tower
39:57 Guard Tower
40:16 Guard Tower
40:30 Guard Tower
40:31 Guard Tower
43:48 Scout Tower
43:50 Scout Tower
44:27 Arcane Tower
44:45 Arcane Tower
44:46 Arcane Tower
» items
| Healing Salve | 3 | |
| Scroll of Speed | 1 | |
| Boots of Speed | 3 | |
| Staff of Teleportation | 3 | |
| Lesser Clarity Potion | 1 | |
| Orb of Lightning | 3 | |
| Staff of Sanctuary | 3 | |
| Scroll of Town Portal | 2 | |
19 total
FriendlyTyler (
teal | 96 APM | 5187 actions | 54:17)
7 Warden
3 Shadow Strike
3 Blink
1 Fan of Knives
» actions
| Assign group hotkey | 11 | |
| Basic commands | 55 | |
| Build / train | 86 | |
| Enter build submenu | 18 | |
| Enter hero's abilities submenu | 8 | |
| Give item / drop item | 2 | |
| Right click | 3658 | |
| Select / deselect | 408 | |
| Select group hotkey | 689 | |
| Use ability | 252 | |
5187 total
» units
» upgrades
| Nature's Blessing | 1 | |
| Well Spring | 1 | |
| Ultravision | 1 | |
| Strength of the Wild | 3 | |
| Reinforced Hides | 3 | |
9 total
» buildings
| Altar of Elders | 1 | |
| Moon Well | 9 | |
| Tree of Ages | 1 | |
| Tree of Life | 1 | |
| Ancient of Wonders | 1 | |
| Tree of Eternity | 1 | |
| Hunter's Hall | 1 | |
| Ancient of Wind | 2 | |
17 total
» build order
00:20 Altar of Elders
00:23 Moon Well
00:43 Moon Well
02:02 Moon Well
03:01 Moon Well
05:41 Moon Well
06:01 Tree of Ages
06:25 Moon Well
06:34 Moon Well
08:00 Moon Well
08:29 Tree of Life
09:40 Ancient of Wonders
13:44 Tree of Eternity
15:06 Hunter's Hall
15:27 Ancient of Wind
18:22 Ancient of Wind
22:00 Moon Well
» items
| Healing Salve | 3 | |
| Lesser Clarity Potion | 3 | |
| Staff of Teleportation | 3 | |
| Boots of Speed | 2 | |
| Dust of Appearance | 1 | |
| Potion of Healing | 1 | |
| Orb of Venom | 1 | |
| Scroll of Town Portal | 3 | |
| Tiny Great Hall | 1 | |
18 total
team 2 (loser)
Bce_AxyeHHo_MaH (
red | 84 APM | 4537 actions | 54:16)
3 Paladin
2 Holy Light
1 Divine Shield
3 Mountain King
2 Storm Bolt
1 Bash
» actions
| Assign group hotkey | 118 | |
| Basic commands | 9 | |
| Build / train | 114 | |
| ESC pressed | 6 | |
| Enter build submenu | 43 | |
| Enter hero's abilities submenu | 6 | |
| Remove unit from queue | 12 | |
| Right click | 1807 | |
| Select / deselect | 718 | |
| Select group hotkey | 1610 | |
| Use ability | 94 | |
4537 total
» units
| Peasant | 27 | |
| Rifleman | 8 | |
| Gryphon Rider | 7 | |
| Dragonhawk Rider | 12 | |
| Flying Machine | 34 | |
88 total
» upgrades
| Lumber Harvesting | 2 | |
| Animal War Training | 1 | |
| Storm Hammers | 1 | |
| Cloud | 1 | |
| Flak Cannons | 1 | |
| Flying Machine Bombs | 1 | |
| Gunpowder | 2 | |
| Armor | 1 | |
10 total
» buildings
| Altar of Kings | 1 | |
| Barracks | 2 | |
| Farm | 13 | |
| Blacksmith | 1 | |
| Scout Tower | 7 | |
| Arcane Vault | 1 | |
| Lumber Mill | 2 | |
| Town Hall | 2 | |
| Guard Tower | 1 | |
| Keep | 1 | |
| Castle | 3 | |
| Gryphon Aviary | 3 | |
| Arcane Tower | 2 | |
| Workshop | 4 | |
43 total
» build order
00:07 Altar of Kings
00:21 Barracks
00:24 Farm
01:04 Farm
01:58 Blacksmith
02:13 Barracks
02:29 Farm
03:02 Scout Tower
03:52 Farm
04:12 Farm
04:30 Farm
04:42 Arcane Vault
04:57 Lumber Mill
05:55 Town Hall
06:31 Guard Tower
06:34 Scout Tower
08:52 Farm
09:33 Keep
10:05 Lumber Mill
11:14 Farm
11:54 Castle
11:54 Castle
11:54 Castle
11:57 Gryphon Aviary
11:58 Gryphon Aviary
12:06 Scout Tower
12:50 Scout Tower
13:00 Gryphon Aviary
13:39 Farm
13:48 Scout Tower
14:27 Farm
14:42 Farm
14:49 Arcane Tower
15:37 Arcane Tower
15:58 Farm
16:08 Farm
16:48 Workshop
16:49 Workshop
17:04 Workshop
17:05 Workshop
51:54 Town Hall
53:48 Scout Tower
53:50 Scout Tower
» items
Filavandrel (
purple | 110 APM | 5939 actions | 54:12)
3 Priestess of the Moon
2 Trueshot Aura
1 Searing Arrows
2 Keeper of the Grove
1 Entangling Roots
1 Thorns Aura
» actions
| Assign group hotkey | 659 | |
| Basic commands | 104 | |
| Build / train | 97 | |
| Enter build submenu | 27 | |
| Enter hero's abilities submenu | 5 | |
| Give item / drop item | 3 | |
| Remove unit from queue | 2 | |
| Right click | 2914 | |
| Select / deselect | 622 | |
| Select group hotkey | 1377 | |
| Use ability | 128 | |
5939 total
» units
| Wisp | 30 | |
| Huntress | 2 | |
| Glaive Thrower | 7 | |
| Archer | 1 | |
| Chimaera | 10 | |
50 total
» upgrades
| Strength of the Wild | 3 | |
| Ultravision | 1 | |
| Corrosive Breath | 1 | |
| Nature's Blessing | 1 | |
6 total
» buildings
| Altar of Elders | 1 | |
| Moon Well | 8 | |
| Ancient of War | 2 | |
| Hunter's Hall | 1 | |
| Ancient of Wonders | 1 | |
| Ancient Protector | 3 | |
| Tree of Ages | 4 | |
| Tree of Eternity | 3 | |
| Ancient of Wind | 5 | |
| Chimaera Roost | 3 | |
31 total
» build order
00:09 Altar of Elders
00:10 Moon Well
01:42 Ancient of War
01:54 Hunter's Hall
02:21 Moon Well
02:32 Ancient of Wonders
03:47 Moon Well
04:15 Ancient of War
04:53 Ancient Protector
04:55 Ancient Protector
04:57 Ancient Protector
07:29 Moon Well
10:02 Tree of Ages
10:02 Tree of Ages
12:25 Tree of Eternity
12:26 Tree of Eternity
12:30 Ancient of Wind
14:48 Chimaera Roost
14:59 Chimaera Roost
15:06 Chimaera Roost
15:55 Moon Well
19:25 Moon Well
20:19 Moon Well
21:01 Moon Well
52:11 Ancient of Wind
52:29 Ancient of Wind
52:46 Ancient of Wind
53:43 Ancient of Wind
» items
| Dust of Appearance | 1 | |
| Potion of Healing | 1 | |
| Staff of Preservation | 1 | |
| Potion of Mana | 1 | |
4 total
Skifolania (
yellow | 33 APM | 1770 actions | 54:16)
3 Death Knight
2 Death Coil
1 Unholy Aura
» actions
| Assign group hotkey | 48 | |
| Build / train | 94 | |
| ESC pressed | 1 | |
| Enter build submenu | 18 | |
| Enter hero's abilities submenu | 3 | |
| Give item / drop item | 2 | |
| Remove unit from queue | 4 | |
| Right click | 890 | |
| Select / deselect | 289 | |
| Select group hotkey | 344 | |
| Use ability | 77 | |
1770 total
» units
| Acolyte | 16 | |
| Ghoul | 12 | |
| Crypt Fiend | 10 | |
| Gargoyle | 14 | |
| Frost Wyrm | 12 | |
| Razormane Medicine Man | 1 | |
65 total
» upgrades
| Creature Attack | 1 | |
| Web | 1 | |
| Creature Carapace | 1 | |
| Freezing Breath | 1 | |
4 total
» buildings
| Graveyard | 1 | |
| Altar of Darkness | 1 | |
| Ziggurat | 8 | |
| Crypt | 1 | |
| Tomb of Relics | 1 | |
| Nerubian Tower | 2 | |
| Halls of the Dead | 1 | |
| Spirit Tower | 3 | |
| Black Citadel | 1 | |
| Sacrificial Pit | 1 | |
| Boneyard | 4 | |
24 total
» build order
00:08 Graveyard
00:11 Altar of Darkness
00:15 Ziggurat
00:43 Crypt
01:03 Tomb of Relics
02:01 Ziggurat
02:37 Nerubian Tower
04:27 Halls of the Dead
04:30 Spirit Tower
04:54 Ziggurat
06:31 Ziggurat
10:46 Black Citadel
12:10 Sacrificial Pit
13:57 Boneyard
14:00 Boneyard
14:09 Ziggurat
14:10 Ziggurat
15:10 Spirit Tower
15:12 Spirit Tower
16:56 Boneyard
18:23 Ziggurat
19:50 Nerubian Tower
31:37 Ziggurat
» items
| Rod of Necromancy | 1 | |
| Dust of Appearance | 6 | |
| Scroll of Regeneration | 1 | |
8 total
Chat log
(00:12 / All) Birdeneering: GL HF
(00:29 / All) Birdeneering: where u boys from??
(00:37 / All) Bce_AxyeHHo_MaH: San Filip
(00:40 / All) Filavandrel: saint filipp
(00:44 / All) BETUWISHUNOsrch: the fcks that
(00:46 / All) FriendlyTyler: what is that
(00:46 / All) Bce_AxyeHHo_MaH: Philip*
(00:49 / All) FriendlyTyler: sounds catholic and gross
(01:44 / All) Birdeneering: we've decided that your country of residence is shit
(03:55 / All) Birdeneering: why are you following me
(03:56 / All) Birdeneering: with everything
(03:58 / All) FriendlyTyler: english you fucking degenerates
(06:51 / All) Filavandrel: so stupid...
(08:01 / All) Birdeneering: purple
(08:05 / All) Birdeneering: you lost hunt
(08:20 / All) Birdeneering: POURPLE
(08:38 / All) BETUWISHUNOsrch: cya
(08:39 / All) FriendlyTyler: bye undead
(08:39 / All) Filavandrel: dont cry
(09:41 / All) Birdeneering: STOP IT
(09:42 / All) FriendlyTyler: now stop losing
(13:19 / All) Birdeneering: yellow lost a fiend again
(13:22 / All) Birdeneering: fucking get him out of there
(13:57 / All) FriendlyTyler: bye
(16:30 / All) FriendlyTyler: you're filth
(19:47 / All) Birdeneering: red
(19:51 / All) Birdeneering: what are you doing
(19:53 / All) Birdeneering: It's not working
(20:35 / All) Birdeneering: should you attack like this again???
(20:37 / All) Birdeneering: ask yourself
(20:37 / All) FriendlyTyler: cool
(20:41 / All) Birdeneering: should you try that again??
(20:44 / All) Birdeneering: axyehho?
(20:47 / All) Birdeneering: should you try it again??
(21:40 / All) FriendlyTyler: your bone dragons
(21:43 / All) Birdeneering: your wyrm die
(23:34 / All) Birdeneering: bad play boyz
(26:40 / All) BETUWISHUNOsrch: fuck u..
(27:26 / All) FriendlyTyler: wow
(27:27 / All) FriendlyTyler: wow
(27:27 / All) FriendlyTyler: wow
(27:28 / All) FriendlyTyler: wow
(27:29 / All) FriendlyTyler: wow
(27:29 / All) FriendlyTyler: wow
(27:43 / All) Filavandrel: trolls? :D
(27:52 / All) Skifolania: fuck u
(27:55 / All) FriendlyTyler: there you go!!!!!!!!!
(28:09 / All) Birdeneering: yellow is dumber than a monkey
(28:17 / All) Filavandrel: finally
(34:47 / All) BETUWISHUNOsrch: fuck u fuckers
(35:16 / All) Birdeneering: only luck
(35:32 / All) Filavandrel: not yet
(35:33 / All) BETUWISHUNOsrch: luck no skill
(35:40 / All) Filavandrel: wyrms always waanaa some towers
(35:43 / All) Skifolania: fu bitch
(35:56 / All) Filavandrel: dont cry plz
(36:00 / All) Birdeneering: fu
(36:09 / All) FriendlyTyler: "waaah, waaah, i'm hungry"
(36:12 / All) Filavandrel: win is allways win
(36:18 / All) FriendlyTyler: "ssshhh daddy is posting in the veeg"
(36:25 / All) Filavandrel: but defeat is very ugly from noobs
(36:27 / All) Birdeneering: not with luck and wyrm
(36:31 / All) Birdeneering: Only win because I run out of gold
(36:33 / All) Birdeneering: tower cost too much
(36:43 / All) Filavandrel: so dont make so many towers next time
(37:03 / All) BETUWISHUNOsrch: welcome to (6)Highperch.w3x
(39:47 / All) BETUWISHUNOsrch: yellow is retard yes?
(39:53 / All) Filavandrel: sometimes
(42:20 / All) BETUWISHUNOsrch: red stinks this game
(44:41 / All) Filavandrel: how did u get there?
(44:44 / All) Filavandrel: so high
(44:55 / All) FriendlyTyler: complicated....
(44:59 / All) FriendlyTyler: you woudn't understand.
(45:01 / All) Birdeneering: not for idiots
(45:29 / All) Birdeneering: only when yellow has been dropped in the woods and a monkey is taken from the woods to replace him
(45:31 / All) Birdeneering: can you learn
(46:26 / All) Birdeneering: see?
(46:31 / All) Birdeneering: with a monkey that would have gone better
(46:38 / All) Skifolania: chiters
(46:41 / All) Birdeneering: why is skifolania still here
(46:41 / All) FriendlyTyler: LOL
(46:44 / All) Birdeneering: skifolania be quiet
(47:04 / All) Birdeneering: Your island is terrible
(47:11 / All) Birdeneering: all the good people fly away on boats
(50:04 / All) Birdeneering: hmmm
(50:05 / All) Birdeneering: stupid boys
(50:10 / All) Birdeneering: from stupid barbados
(50:15 / All) Birdeneering: home of the dumbies
(53:01 / All) FriendlyTyler: wait
(53:03 / All) FriendlyTyler: why are you dying to heroes
(53:19 / All) Birdeneering: skifolania
(53:26 / All) Birdeneering: why are you so stupid??
(53:27 / All) Birdeneering: please
(53:28 / All) Birdeneering: please
(53:31 / All) Birdeneering: answer!!
(53:36 / All) Skifolania: im girl, nigga
(53:42 / All) FriendlyTyler: are you black
(53:50 / All) Skifolania: yep
(53:52 / All) FriendlyTyler: lol
(54:06 / All) Skifolania: fu rasist